 Dungeon Crawl Stone Soup version 0.28-a0-1199-gef9e1dbd39 (webtiles) character file.

Game seed: 8943603786242093927

160 fragbeetle the Poker (level 5, 0/41 HPs)
             Began as a Merfolk Gladiator on Dec 19, 2021.
             Killed from afar by an orc wizard (7 damage)
             ... with a magic dart
             ... on level 4 of the Dungeon.
             The game lasted 00:05:48 (3012 turns).

fragbeetle the Poker (Merfolk Gladiator)            Turns: 3012, Time: 00:05:49

Health: 0/41       AC:  4    Str: 16    XL:     5   Next: 41%
Magic:  5/5        EV: 14    Int:  8    God:
Gold:   92         SH:  0    Dex: 15    Spells: 4/4 levels left

rFire   . . .      SeeInvis .   a - +0 trident
rCold   . . .      Faith    .   (no shield)
rNeg    . . .      Spirit   .   b - +0 leather armour
rPois   +          Reflect  .   c - +0 helmet
rElec   .          Harm     .   (no cloak)
rCorr   .          Rampage  .   (no gloves)
Will    .....                   (no boots)
Stlth   +.........              (no amulet)
HPRegen 0.13/turn               f - ring of poison resistance
MPRegen 0.09/turn               v - +4 ring of slaying

@: no status effects
A: (nimble swimmer 2), mertail
a: no special abilities


You were on level 4 of the Dungeon.
You visited 1 branch of the dungeon, and saw 4 of its levels.

You collected 92 gold pieces.

Inventory:

Hand Weapons
 a - a +0 trident (weapon)
Missiles
 d - 2 throwing nets
 h - 103 stones
 p - 2 boomerangs (quivered)
 r - 10 poisoned darts
Armour
 b - a +0 leather armour (worn)
 c - a +0 helmet (worn)
 q - a +0 buckler
Magical Staves
 g - a staff of death
Jewellery
 f - a ring of poison resistance (left hand)
 v - a +4 ring of slaying (right hand)
Wands
 t - a wand of flame (37)
Scrolls
 e - a scroll of acquirement {unknown}
 i - a scroll of teleportation {unknown}
 j - a scroll of enchant armour {unknown}
 k - a scroll of immolation {unknown}
 m - a scroll of silence {unknown}
 o - a scroll of torment {unknown}
 s - a scroll of amnesia {unknown}
Potions
 l - a potion of magic


   Skills:
 + Level 3.5 Fighting
 + Level 5.7 Polearms
 - Level 2.0 Throwing
 + Level 1.5 Armour
 + Level 5.2 Dodging


You had 4 spell levels left.
You didn't know any spells.
Your spell library contained the following spells:

 Spells                   Type           Power      Damage    Failure   Level
 Sandblast                Erth           0%         2d4       47%         1
 Passwall                 Tmut/Erth      0%         N/A       63%         2
 Stone Arrow              Conj/Erth      0%         3d7       85%         3


Dungeon Overview and Level Annotations

Branches:
Dungeon (4/15)
 Temple: D:4-7

Altars:
Gozag
Kikubaaqudgha


Innate Abilities, Weirdness & Mutations

((You are quick and stealthy near water. (Stealth+, EV+, Speed+++)))
Your lower body shifts to a powerful aquatic tail in water.


Message History

It was a potion of ambrosia.
You are confused.
You feel invigorated.
You hear some strange, mumbled words.
You are more confused.
The adder barely misses you.
It was a potion of curing.
You feel better.
You feel less invigorated. The adder completely misses you.
You hear some strange, mumbled words.
A puff of flame appears from out of thin air!
The puff of flame hits you!
* * * LOW HITPOINT WARNING * * *
Unknown command.
The adder bites you.
* * * LOW HITPOINT WARNING * * *
Aiming: Throw Flame
Press: ? - help, Shift-Dir - straight line, f - adder
Aim: an adder (48% to hit)
The puff of flame misses the adder.
Something hits you.
* * * LOW HITPOINT WARNING * * *
The adder barely misses you.
Aiming: Throw Flame
Press: ? - help, Shift-Dir - straight line, f/p - adder
Aim: an adder (48% to hit)
The puff of flame hits the adder.
The adder is heavily wounded.
The adder bites you.
* * * LOW HITPOINT WARNING * * *
Something hits you.
* * * LOW HITPOINT WARNING * * *
Aiming: Throw Flame
Press: ? - help, Shift-Dir - straight line, f/p - adder
Aim: an adder (heavily wounded, 48% to hit)
The puff of flame hits the adder.
The adder is almost dead.
The adder closely misses you.
You hear some strange, mumbled words.
A magic dart appears from out of thin air!
The magic dart hits you!
You die...

#.o..........
#....o.......
#............
#.............)....
#..................
#......########.$..
#......#......#....
#......#.{....#
#......#.S@...#
#....).#)##...#
#######.........#...#
......#.........#...#
......#.........#...#
......#.........#...+
......#.........#...#
......#.........#...#
<.....#.........#+


You could see an adder.

Vanquished Creatures
  A water moccasin zombie (D:3)
  An orc priest (D:4)
  2 adders (D:2)
  3 orcs
  4 bats
  6 endoplasms
  A giant cockroach (D:3)
  6 goblins
  A hobgoblin (D:2)
  6 jackals (D:2)
  3 kobolds
  3 quokkas
  9 ball pythons
  A frilled lizard (D:2)
  2 rats (D:1)
49 creatures vanquished.

Notes
Turn   | Place    | Note
-------+----------+-------------------------------------------
     0 | D:1      | fragbeetle the Merfolk Gladiator began the quest for the
                  | Orb.
     0 | D:1      | Reached XP level 1. HP: 16/16 MP: 1/1
   123 | D:1      | Found a faded altar of an unknown god.
   259 | D:1      | Reached XP level 2. HP: 22/23 MP: 2/2
   868 | D:2      | Reached XP level 3. HP: 19/28 MP: 3/3
  1224 | D:2      | Reached skill level 5 in Polearms
  1679 | D:2      | Reached skill level 1 in Armour
  1758 | D:2      | Reached XP level 4. HP: 34/35 MP: 4/4
  2083 | D:3      | Reached skill level 5 in Dodging
  2083 | D:3      | Reached XP level 5. HP: 19/41 MP: 5/5
  2963 | D:4      | Found an ancient bone altar of Kikubaaqudgha.
  2963 | D:4      | Found an opulent altar of Gozag.
  3006 | D:4      | HP: 2/41 [something (1)]
  3012 | D:4      | Killed from afar by an orc wizard

Illustrated notes

Levels and vault maps discovered:
D:1:      minmay_arrival_four_loops, layout_loops_ring,
          ebering_ecumenical_altar_petrified, minmay_surrounded
D:2:      layout_basic, minmay_misc_feat_tiny
D:3:      layout_basic
D:4:      layout_gridville, chequers_temple_overflow_statue_of_worship,
          minmay_temple_entry_gardened_gates, minmay_misc_feat_rugged,
          palyth_stone_intersect, skrybe_limestone_x, minmay_between

Skill      XL: |  1  2  3  4 |
---------------+-------------+-----
Polearms       | 5 |  5.7
Armour         | 1 |  1.5
Fighting       | 3 |  3.5
Dodging        | 5 |  5.2
Throwing       | |  2.0

Action                   |  1- 3 |  4- 6 || total
-------------------------+-------+-------++-------
Melee: Trident           |   111 |    77 ||   188
Throw: Throwing net      |     1 |       ||     1
       Boomerang         |     3 |       ||     3
       Stone             |     2 |       ||     2
Evoke: Wand              |       |     6 ||     6
  Use: Potion            |       |     3 ||     3
 Stab: Sleeping          |     2 |       ||     2
       Held in net/web   |     1 |       ||     1
Armor: Leather armour    |    29 |    15 ||    44
Dodge: Dodged            |    75 |    61 ||   136

Table legend: (Time is in decaauts)
 A = Elapsed time spent in this place.
 B = Non-inter-level travel time spent in this place.
 C = Inter-level travel time spent in this place.
 D = Time resting spent in this place.
 E = Time spent auto-exploring this place.
 F = Levels seen in this place.
 G = Mean time per level.
                   A        B        C        D        E       F      G
               +--------+--------+--------+--------+--------+-----+--------+
         Total |   3020 |   2960 |     60 |    420 |   1962 |   4 |  755.0 |
       Dungeon |   3020 |   2960 |     60 |    420 |   1962 |   4 |  755.0 |
               +--------+--------+--------+--------+--------+-----+--------+

Top non-repeatable levels by time:
     D:3: 1155 daAuts
     D:2: 960 daAuts
     D:1: 853 daAuts
     D:4: 51 daAuts
